 Dungeon Crawl Stone Soup version 0.20-a0-2-g2b0e13a (webtiles) character file.

222 poirepourri the Sneak (level 5, -4/25 HPs)
             Began as a Spriggan Enchanter on Oct 29, 2016.
             Killed by divine providence
             ... invoked by an orc priest
              (12 damage)
             ... on level 4 of the Dungeon.
             The game lasted 00:06:47 (5420 turns).

poirepourri the Sneak (Spriggan Enchanter)          Turns: 5420, Time: 00:06:48

Health: -4/25      AC:  5    Str:  4    XL:     5   Next: 66%
Magic:  5/11       EV: 18    Int: 17    God:
Gold:   213        SH:  0    Dex: 17    Spells: 4 memorised, 2 levels left

rFire  . . .     SeeInvis +     a - +5 dagger
rCold  . . .     Gourm    .     l - +1 robe (curse)
rNeg   . . .     Faith    .     (shield restricted)
rPois  +         Spirit   .     (helmet restricted)
rElec  .         Reflect  .     q - +1 cloak
rCorr  +         Harm     .     (gloves unavailable)
MR     .....                    (boots unavailable)
Stlth  ++++......               (no amulet)
                                n - ring of resist corrosion
                                r - ring of poison resistance

@: very slightly contaminated, very quick
A: unfitting armour, see invisible, herbivore 3, speed 3, slow metabolism 2
a: no special abilities


You were on level 4 of the Dungeon.
You were not hungry.

You visited 1 branch of the dungeon, and saw 4 of its levels.

You collected 213 gold pieces.

Inventory:

Hand Weapons
 a - a +5 dagger (weapon)
Armour
 l - a cursed +1 robe (worn)
 q - a +1 cloak (worn)
Jewellery
 i - a +1 ring of protection
 n - a ring of resist corrosion (right hand)
 r - a ring of poison resistance (left hand)
Scrolls
 g - a scroll of recharging
 o - 2 scrolls of remove curse
Potions
 e - 3 potions of lignification
 h - 3 potions of flight {unknown}
 j - a potion of agility {unknown}
 p - a potion of might {unknown}
Books
 c - a book of Maledictions

   Spells                             Type                      Level
   a - Corona                         Hexes                        1
   b - Ensorcelled Hibernation        Hexes/Ice                    2
   c - Confuse                        Hexes                        3
   d - Tukima's Dance                 Hexes                        3
   e - Dazzling Spray                 Conjuration/Hexes            3
Comestibles
 d - a bread ration
 f - 4 fruits


   Skills:
 + Level 1.0 Fighting
 + Level 2.8 Short Blades
 + Level 3.2 Dodging
 + Level 6.7 Stealth
 + Level 3.6 Spellcasting
 + Level 4.6 Hexes
 + Level 0.8 Ice Magic


You had 2 spell levels left.
You knew the following spells:

 Your Spells              Type           Power        Failure   Level  Hunger
a - Corona                Hex            ###....      2%          1    None
b - Ensorcelled Hibernat  Hex/Ice        ##....       10%         2    ##.....
c - Confuse               Hex            ###.....     10%         3    ###....
d - Tukima's Dance        Hex            ###.....     10%         3    ###....


Dungeon Overview and Level Annotations

Branches:
Dungeon (4/15)             Temple (0/1) D:4

Altars:
Fedhas
Uskayaw

Portals:
Ossuary: D:4


Innate Abilities, Weirdness & Mutations

You are very small and have problems with some larger weapons.
You are too small for most types of armour.
You have supernaturally acute eyesight. (SInv)
You are a herbivore.
You cover ground extremely quickly.
You need consume almost no food.


Message History

Press: ? - help, Shift-Dir - straight line, f/p - orc
Aim: an orc, wielding a club and wearing a leather armour (chance to defeat MR: 61%)
You miscast Ensorcelled Hibernation.
You are very lightly contaminated with residual magic.
A chill runs through your body.
The orc priest looks encouraged for a moment.
The orc misses you.
You closely miss the orc.
The orc priest invokes the aid of Beogh against you.
Beogh smites you!
Ouch! That really hurt!
The orc completely misses you.
Casting: Ensorcelled Hibernation
Confirm with . or Enter, or press ? or * to list all spells.
Aiming: Ensorcelled Hibernation
Press: ? - help, Shift-Dir - straight line, f - you, p - orc
Okay, then.
The orc priest calls down the wrath of Beogh upon you.
Beogh smites you!
You die...

#.# #.# ......# #####
#.# ......# #.... #.#
......# #.... #.#
....########.... #.#
..........#.... #.#
#........#####
#.#######......o.#####
#....@.ooo.......+....
#########o....o..###..
########## #.. #.. #..
#.. #.. #..


You could see an orc priest and 3 orcs.

Vanquished Creatures
  An iguana (D:4)
  A hound zombie (D:3)
  3 gnolls (D:3)
  8 adders
  An ooze (D:2)
  2 worms
  2 dart slugs
  2 leopard geckos
  2 orcs
  A giant cockroach (D:2)
  7 goblins
  6 hobgoblins
  6 jackals (D:1)
  2 quokkas (D:3)
  5 bats
  3 frilled lizards
  9 kobolds
  A leopard gecko skeleton (D:4)
  9 rats
71 creatures vanquished.

Notes
Turn   | Place    | Note
-------+----------+-------------------------------------------
     0 | D:1      | poirepourri the Spriggan Enchanter began the quest for the Orb.
     0 | D:1      | Reached XP level 1. HP: 9/9 MP: 5/5
   284 | D:1      | Reached XP level 2. HP: 7/13 MP: 6/6
   301 | D:1      | Learned a level 2 spell: Ensorcelled Hibernation
   706 | D:1      | Reached skill level 5 in Stealth
  1204 | D:1      | Reached XP level 3. HP: 16/16 MP: 8/8
  1537 | D:1      | Learned a level 3 spell: Confuse
  2441 | D:2      | Reached XP level 4. HP: 21/21 MP: 9/9
  2523 | D:2      | Found a hide-covered altar of Uskayaw.
  2996 | D:3      | Found a blossoming altar of Fedhas.
  3009 | D:3      | Reached skill level 6 in Stealth
  3609 | D:2      | Learned a level 3 spell: Tukima's Dance
  3992 | D:3      | Reached XP level 5. HP: 11/25 MP: 4/10
  4994 | D:4      | Found a staircase to the Ecumenical Temple.
  5028 | D:4      | Reached skill level 1 in Fighting
  5148 | D:4      | Found a sand-covered staircase.
  5420 | D:4      | Killed from afar by an orc priest

Vault maps used:
D:1:      minmay_arrival_loop
D:2:      nicolae_overflow_crystal_walls, first_bread
D:3:      fedhas_altar_1, item_on_display_a
D:4:      lightli_ossuary_entry_decrepit_ruins

Skill      XL: |  1  2  3  4  5 |
---------------+----------------+-----
Stealth        | 5 6 |  6.7
Hexes          | 4 |  4.6
Short Blades   | 2 |  2.8
Spellcasting   | 3 |  3.6
Fighting       | 1 |  1.0
Dodging        | |  3.2
Ice Magic      | |  0.8

Action                   |  1- 3 |  4- 6 || total
-------------------------+-------+-------++-------
Melee: Dagger            |   101 |    76 ||   177
 Cast: Ensorcelled Hiber |    26 |    27 ||    53
       Confuse           |       |     2 ||     2
  Use: Scroll            |     4 |     9 ||    13
 Stab: Sleeping          |    27 |    20 ||    47
  Eat: Fruit             |     1 |       ||     1
       Bread ration      |       |     1 ||     1
Armor: Robe              |     9 |     2 ||    11
Dodge: Dodged            |    89 |    53 ||   142
